 Dungeon Crawl Stone Soup version 0.26-a0-682-g294304f6e8 (webtiles) character file.

Game seed: 8777410673661939621

108341 Chiseanne the Imperceptible (level 16, -5/71 HPs)
             Began as a Spriggan Delver on Oct 20, 2020.
             Was the Champion of Dithmenos.
             Slain by Jorgrun
             ... wielding an uncursed staff of earth
              (9 damage)
             ... on level 2 of the Orcish Mines.
             The game lasted 02:08:45 (19396 turns).

Chiseanne the Imperceptible (Spriggan Delver)      Turns: 19396, Time: 02:08:45

Health: -5/71      AC:  8    Str: 16    XL:     16   Next: 2%
Magic:  27/32      EV: 34    Int: 11    God:    Dithmenos [******]
Gold:   1616       SH:  0    Dex: 34    Spells: 24/38 levels left

rFire    . . .     SeeInvis +   a - +10 rapier of Infinite Pain {vamp, *Slow rC+ Str+3 Dex+9}
rCold    + + .     Faith    +   (shield restricted)
rNeg     . . .     Spirit   .   k - +3 steam dragon scales
rPois    +         Reflect  .   (helmet restricted)
rElec    .         Harm     .   (no cloak)
rCorr    .         Rampage  .   (gloves unavailable)
MR       ++...                  (boots unavailable)
Stlth    ++++++++++             O - amulet of faith
HPRegen  0.21/turn              Q - ring of poison resistance
MPRegen  0.23/turn              f - ring of Paranoia {rC+ Str+5}

@: grasped by roots, wreathed by umbra, constricted, very quick
A: very small, unfitting armour, see invisible, speed 3
a: Shadow Step, Shadow Form, Renounce Religion


You were on level 2 of the Orcish Mines.
You worshipped Dithmenos.
Dithmenos was exalted by your worship.
You visited 4 branches of the dungeon, and saw 21 of its levels.
You also visited: Ossuary.

You collected 2217 gold pieces.
You spent 601 gold pieces at shops.

Inventory:

Hand Weapons
 a - the +10 rapier of Infinite Pain (weapon) {vamp, *Slow rC+ Str+3 Dex+9}
   (You found it on level 5 of the Dungeon)

   It inflicts no extra harm, but heals its wielder when it wounds a living foe.
   It affects your strength (+3).
   It affects your dexterity (+9).
   It protects you from cold.
   It may slow you when you take damage.
 w - the +7 shortbow of Onleoz {freeze, +Blink rF- MR+++ Str+4}
   (You found it in an ossuary)

   It causes projectiles fired from it to freeze those they strike, causing
   extra injury to most foes and up to half again as much damage against
   particularly susceptible opponents.
   They can also slow down cold-blooded creatures.
   It affects your strength (+4).
   It makes you vulnerable to fire.
   It affects your resistance to hostile enchantments.
   It lets you blink.
Missiles
 m - 283 bolts
 p - 676 arrows
 s - 26 boomerangs
 y - 62 sling bullets
 B - 54 poisoned darts
 M - 4 curare-tipped darts (quivered)
 N - a throwing net
Armour
 k - +3 steam dragon scales (worn)
Jewellery
 f - the ring of Paranoia (right hand) {rC+ Str+5}
   (You acquired it on level 6 of the Lair of Beasts)

   [ring of protection from cold]

   It affects your strength (+5).
   It protects you from cold.
 x - an uncursed ring of resist corrosion
 G - an uncursed ring of flight
 O - an amulet of faith (around neck)
 Q - a ring of poison resistance (left hand)
Wands
 g - a wand of digging (9)
 r - a wand of paralysis (11)
 A - a wand of flame (26)
Scrolls
 c - 2 scrolls of fog
 e - 7 scrolls of magic mapping
 i - 6 scrolls of remove curse
 j - 20 scrolls of identify
 n - 6 scrolls of teleportation
 v - 3 scrolls of fear
 H - a scroll of enchant weapon
Potions
 b - 4 potions of curing
 h - a potion of berserk rage
 l - 5 potions of heal wounds
 o - 3 potions of cancellation
 q - a potion of resistance
 z - a potion of flight
 C - 4 potions of lignification
Miscellaneous
 d - a lightning rod (inert)
 u - a phial of floods
 D - a condenser vane (inert)


   Skills:
 - Level 2.4 Fighting
 - Level 12.0 Short Blades
 - Level 10.0 Bows
 - Level 15.0 Dodging
 - Level 23.1 Stealth
 * Level 11.8 Spellcasting
 - Level 6.2 Translocations
 * Level 7.7 Air Magic
 - Level 10.5 Invocations


You had 24 spell levels left.
You knew the following spells:

 Your Spells              Type           Power        Failure   Level
a - Apportation           Tloc           ###...       1%          1
b - Blink                 Tloc           N/A          1%          2
c - Ignite Poison         Fire/Tmut/Pois #.......     32%         3
d - Mephitic Cloud        Conj/Pois/Air  ##......     11%         3
e - Summon Forest         Summ/Tloc      ##........   63%         5

Your spell library contained the following spells:

 Spells                   Type           Power        Failure   Level
 Animate Skeleton         Necr           #.....       11%         1
 Corona                   Hex            #......      11%         1
 Foxfire                  Conj/Fire      #...         11%         1
 Magic Dart               Conj           #...         11%         1
 Summon Small Mammal      Summ           #...         11%         1
 Call Imp                 Summ           #.......     16%         2
 Ensorcelled Hibernation  Hex/Ice        #.....       16%         2
 Slow                     Hex            #.......     16%         2
 Sublimation of Blood     Necr           #.........   16%         2
 Confusing Touch          Hex            #.......     32%         3
 Conjure Flame            Conj/Fire      #.......     32%         3
 Dazzling Flash           Conj/Hex       #.....       32%         3
 Inner Flame              Hex/Fire       #.......     32%         3
 Tukima's Dance           Hex            #.......     32%         3
 Petrify                  Tmut/Erth      #.......     71%         4
 Sticky Flame             Conj/Fire      #.......     71%         4
 Alistair's Intoxication  Tmut/Pois      #........    96%         5
 Fireball                 Conj/Fire      #.........   96%         5
 Irradiate                Conj/Tmut      #.........   96%         5
 Summon Demon             Summ           #.........   96%         5
 Summon Mana Viper        Hex/Summ       #.......     96%         5
 Eringya's Noxious Bog    Tmut/Pois      #.........   100%        6
 Shadow Creatures         Summ           N/A          100%        6
 Summon Hydra             Summ           #.........   100%        7


Dungeon Overview and Level Annotations

Branches:
Dungeon (15/15)            Temple (1/1) D:7            Lair (6/6) D:11
 Shoals (0/4) Lair:3        Snake (0/4) Lair:4        Slime (0/5) Lair:5
    Orc (2/2) D:11            Elf (0/3) Orc:2        Vaults (0/5) D:14
 Depths (0/5) D:15        Ossuary (visited)

Altars:
Ashenzari
Cheibriados
Dithmenos
Fedhas
Hepliaklqana
Makhleb
Nemelex Xobeh
Okawaru
Qazlal
Ru
Trog
Vehumet
Wu Jian
Xom
Yredelemnul
Zin
The Shining One
Jiyva

Shops:
D:9 ?

Annotations:
D:8 Grum, Joseph
D:10 3 runed translucent doors, exclusion: orange crystal statue, PentaManta's ghost, novice SpBe
D:13 1 runed translucent door
Orc:2 Jorgrun; Saint Roka


Innate Abilities, Weirdness & Mutations

You are very small and have problems with some larger weapons.
You are too small for most types of armour.
You have supernaturally acute eyesight. (SInv)
You cover ground extremely quickly.


Message History

* * * LOW HITPOINT WARNING * * *
The grasping roots constrict you.
Press: ? - help, Dir - move target cursor, p - Jorgrun You escape the roots' grasp.
As you read the scroll of blinking, it crumbles to dust.
Jorgrun is engulfed in noxious fumes.
Jorgrun appears confused.
You hear a grinding noise.
You hear a grinding noise.
You hear a grinding noise. x5
As you read the scroll of summoning, it crumbles to dust.
Wisps of shadow whirl around you... Jorgrun casts a spell at you.
Roots burst forth from the earth!
The grasping roots grab you!
* * * LOW HITPOINT WARNING * * *
The grasping roots constrict you!
The roots' grasp on you weakens, but your attempt to escape fails.
Jorgrun hits your orc warrior with an uncursed staff of earth!
Jorgrun shatters your orc warrior.
You die...

.............#...
h.......[.........
.[...............##
..[...............##
.......[...........#
...................##
.....[..............#
.......[).....o.C..#
......[.[......o@..##
.#..................#
................o#o##
............#..Og###
##...##......#...##
#.....##..)[......#
..###.##...#.#...##
#. .###........## ##
##...........#


You could see Jorgrun, a friendly cyclops (summoned), a friendly orc sorcerer
(summoned), a friendly orc warrior (summoned), a friendly ogre (summoned), a
friendly orc wizard (summoned) and a friendly orc (summoned).

Vanquished Creatures
  Rupert (Lair:6)
  Kirke (Lair:5)
  An orc warlord (Orc:1)
  An ettin (D:12)
  4 boulder beetles
  3 ogre magi
  Sonja (Lair:6)
  6 hydras
  5 centaur warriors
  12 death yaks
  A tengu warrior (D:14)
  10 two-headed ogres
  An alligator (Lair:6)
  A vampire mage (D:15)
  4 unseen horrors
  6 skeletal warriors
  A necromancer (D:15)
  A lindwurm (Lair:5)
  5 orc knights
  A deep elf archer (D:14)
  7 ugly things
  A fire giant zombie (D:15)
  2 manticores
  3 deep elf magi (D:14)
  2 wolf spiders (Lair:6)
  4 cyclopes
  A guardian serpent (Lair:6)
  9 elephants
  A fire giant skeleton (D:15)
  A centaur zombie (D:12)
  10 black mambas
  3 merfolk sirens (Lair:3)
  2 torpor snails
  8 cane toads
  3 gargoyles
  A spriggan zombie (D:15)
  2 rime drakes
  7 yaktaurs
  A kobold demonologist (D:15)
  5 komodo dragons
  Maggie (D:7)
  A merfolk (Lair:2)
  6 polar bears
  2 tengu conjurers
  7 trolls
  3 meliai (D:13)
  21 blink frogs
  4 hornets
  A raiju (Lair:6)
  A meliai zombie (D:14)
  12 dream sheep
  15 wyverns
  3 vampires
  2 shadows
  An ettin skeleton (D:15)
  8 wraiths
  2 hogs (Lair:4)
  A centaur simulacrum (D:12)
  3 redbacks (Lair:6)
  4 basilisks
  12 fire bats (D:13)
  23 yaks
  A golden eye (shapeshifter) (D:12)
  6 vampire mosquitoes (D:12)
  7 wargs
  An acid dragon (D:15)
  25 water moccasins
  11 hell hounds (Lair:6)
  4 ice beasts
  36 orc warriors
  9 black bears (Lair:6)
  2 hornet zombies
  5 sky beasts
  A necrophage (D:12)
  14 ogres
  5 boggarts (D:15)
  24 centaurs
  27 wolves
  2 big kobolds
  12 bullfrogs
  3 water moccasin zombies (Ossuary)
  5 scorpions
  A wyvern skeleton (D:15)
  6 killer bees (D:12)
  16 wights
  3 howler monkeys
  A quasit (D:9)
  4 bullfrog skeletons
  3 hounds
  6 jellies
  4 centaur skeletons
  25 orc priests
  35 orc wizards
  6 iguanas
  16 worker ants
  A killer bee zombie (D:6)
  A bullfrog simulacrum (D:12)
  3 big kobold zombies (Ossuary)
  A hound skeleton (D:10)
  2 mummies (Ossuary)
  7 gnolls
  13 adders
  8 white imps
  A worker ant simulacrum (D:11)
  3 ufetubi
  7 adder zombies (Ossuary)
  A leopard gecko (D:10)
  98 orcs
  38 bats (D:13)
  A giant cockroach (D:5)
  3 gnoll zombies (Ossuary)
  15 jackals
  10 kobolds
  A quokka (D:12)
  4 hobgoblin zombies (Ossuary)
  5 kobold zombies (Ossuary)
  A leopard gecko skeleton (D:7)
  4 orc zombies (Ossuary)
826 creatures vanquished.

Vanquished Creatures (collateral kills)
  2 polar bears (Lair:6)
  A dream sheep (Lair:4)
  2 yaks (Lair:6)
  2 wargs (Lair:6)
  A hell hound (Lair:6)
  A wolf (Lair:6)
  A black bear (Lair:6)
  2 orcs (Orc:1)
12 creatures vanquished.

Vanquished Creatures (others)
  2 polar bears (Lair:6)
  A raiju (Lair:6)
  A dream sheep (Lair:4)
  3 yaks (Lair:6)
  A warg (Lair:6)
  A hell hound (Lair:6)
  A black bear (Lair:6)
  A worker ant (D:14)
  75 fungi
  128 plants
  18 withered plants (D:15)
232 creatures vanquished.

Grand Total: 1070 creatures vanquished

Notes
Turn   | Place    | Note
-------+----------+-------------------------------------------
     0 | D:5      | Chiseanne the Spriggan Delver began the quest for the Orb.
     0 | D:5      | Reached XP level 1. HP: 11/11 MP: 2/2
    19 | D:5      | Got an ancient rapier
    26 | D:5      | Identified the +10 rapier of Infinite Pain {vamp, *Slow rC+
                  | Str+3 Dex+9} (You found it on level 5 of the Dungeon)
    45 | D:5      | Found a basalt altar of Yredelemnul.
    90 | D:4      | Noticed an ogre
   110 | D:4      | Noticed a wight
   112 | D:4      | Noticed a wight
   115 | D:4      | Noticed a wight
   115 | D:4      | Noticed a wight
   115 | D:4      | Noticed a wight
   154 | D:5      | Noticed a worker ant
   157 | D:5      | Killed a worker ant
   157 | D:5      | Reached XP level 2. HP: 16/16 MP: 3/3
   242 | D:5      | Noticed a sky beast
   323 | D:5      | Reached skill level 8 in Stealth
   323 | D:5      | Reached XP level 3. HP: 19/19 MP: 4/4
   348 | D:5      | Reached XP level 4. HP: 23/23 MP: 5/5
   371 | D:5      | Noticed a centaur
   445 | D:6      | Reached skill level 5 in Dodging
   609 | D:6      | Reached XP level 5. HP: 24/27 MP: 6/6
   652 | D:6      | Noticed an ogre
   656 | D:6      | Killed an ogre
   656 | D:6      | Reached skill level 9 in Stealth
   835 | D:6      | Noticed a centaur
  1003 | D:5      | Killed a sky beast
  1003 | D:5      | Reached XP level 6. HP: 32/32 MP: 7/7
  1027 | D:6      | Noticed an ice beast
  1028 | D:6      | Killed an ice beast
  1028 | D:6      | Reached skill level 10 in Stealth
  1153 | D:7      | Reached XP level 7. HP: 35/35 MP: 8/8
  1176 | D:7      | Found a staircase to the Ecumenical Temple.
  1183 | Temple   | Entered the Ecumenical Temple
  1286 | D:7      | HP: 1/35 [poisoned by an adder]
  1296 | D:7      | HP: 1/52 [poisoned by an adder]
  1637 | D:7      | Reached skill level 11 in Stealth
  1731 | D:7      | Noticed Maggie
  1754 | D:7      | Killed Maggie
  1754 | D:7      | Reached skill level 5 in Short Blades
  1754 | D:7      | Reached XP level 8. HP: 39/39 MP: 9/9
  1861 | D:6      | Found a broken altar of Ashenzari.
  1901 | D:7      | Found a sand-covered staircase.
  1906 | Ossuary  | Entered an ossuary
  1980 | Ossuary  | Reached skill level 12 in Stealth
  2018 | Ossuary  | Reached skill level 10 in Dodging
  2109 | Ossuary  | Got an ebony shortbow
  2156 | Ossuary  | Identified the +7 shortbow of Onleoz {freeze, +Blink rF-
                  | MR+++ Str+4} (You found it in an ossuary)
  2287 | D:8      | Noticed Grum
  2295 | D:8      | Noticed Joseph
  2384 | D:7      | Reached skill level 13 in Stealth
  2449 | D:8      | Reached XP level 9. HP: 43/43 MP: 10/10
  2490 | D:8      | Learned a level 1 spell: Apportation
  2496 | D:8      | Found a shadowy altar of Dithmenos.
  2500 | D:8      | Became a worshipper of Dithmenos the Shadowed
  2639 | D:9      | Reached skill level 1 in Bows
  2665 | D:9      | Got a jewelled short sword
  2717 | D:9      | Identified the +3 short sword of Eternal War {vorpal,
                  | Str+4} (You found it on level 9 of the Dungeon)
  3127 | D:9      | Found Sozirch's Magic Scroll Shoppe.
  3165 | D:9      | Bought a scroll of summoning for 123 gold pieces
  3165 | D:9      | Bought a scroll of magic mapping for 45 gold pieces
  3313 | D:9      | Found a basalt altar of Yredelemnul.
  3375 | D:9      | Reached * piety under Dithmenos
  3466 | D:9      | Bought a scroll of magic mapping for 45 gold pieces
  3475 | D:10     | Entered Level 10 of the Dungeon
  3538 | D:10     | Reached skill level 10 in Short Blades
  3541 | D:10     | Reached XP level 10. HP: 47/47 MP: 11/11
  3698 | D:10     | Reached ** piety under Dithmenos
  3760 | D:10     | Found a runed translucent door.
  3763 | D:10     | Found the +10 tower shield of Ignorance {rN+ Int-4}
  3765 | D:10     | Noticed an orange crystal statue
  3777 | D:10     | Found a runed translucent door.
  4072 | D:9      | Bought a scroll of magic mapping for 45 gold pieces
  4176 | D:10     | Found a runed translucent door.
  4176 | D:10     | Found a shimmering altar of Xom.
  4176 | D:10     | Noticed a +2 rapier of chaos
  4176 | D:10     | Noticed PentaManta's ghost (novice SpBe)
  4494 | D:11     | Noticed a boulder beetle
  4508 | D:10     | Killed a boulder beetle
  4612 | D:11     | Found a staircase to the Lair.
  4668 | D:11     | Reached *** piety under Dithmenos
  4748 | D:11     | Found a frozen archway.
  4748 | D:11     | Noticed a four-headed hydra
  4755 | D:11     | Killed a four-headed hydra
  4755 | D:11     | Reached XP level 11. HP: 51/51 MP: 12/12
  4881 | D:11     | Found a staircase to the Orcish Mines.
  5075 | Lair:1   | Entered Level 1 of the Lair of Beasts
  5119 | Lair:1   | Reached skill level 15 in Dodging
  5221 | Lair:1   | Learned a level 2 spell: Blink
  5373 | Lair:2   | Reached skill level 14 in Stealth
  5636 | Lair:2   | Reached skill level 15 in Stealth
  5851 | Lair:2   | Reached skill level 16 in Stealth
  5921 | Lair:3   | Found a staircase to the Shoals.
  5983 | Lair:2   | Reached skill level 17 in Stealth
  6261 | Lair:3   | Identified the +6 trident "Huextoc" {holy, Fragile rC+ rN++
                  | Dex+3}
  6315 | Lair:3   | Reached skill level 18 in Stealth
  6412 | Lair:4   | Reached **** piety under Dithmenos
  6434 | Lair:4   | Noticed a five-headed hydra
  6442 | Lair:4   | Killed a five-headed hydra
  6442 | Lair:4   | Reached XP level 12. HP: 56/56 MP: 13/13
  6485 | Lair:4   | Noticed a seven-headed hydra
  6492 | Lair:4   | Killed a seven-headed hydra
  6506 | Lair:4   | Noticed a death yak
  6506 | Lair:4   | Noticed a death yak
  6510 | Lair:4   | Killed a death yak
  6510 | Lair:4   | Reached skill level 19 in Stealth
  6537 | Lair:4   | Killed a death yak
  6761 | Lair:4   | Reached skill level 20 in Stealth
  6986 | Lair:4   | Found a staircase to the Snake Pit.
  7052 | Lair:4   | Reached skill level 21 in Stealth
  7406 | Lair:5   | Reached skill level 22 in Stealth
  7416 | Lair:5   | Reached ***** piety under Dithmenos
  7436 | Lair:5   | Noticed a death yak
  7437 | Lair:5   | Noticed a death yak
  7437 | Lair:5   | Noticed a death yak
  7438 | Lair:5   | Noticed a death yak
  7440 | Lair:5   | Noticed a death yak
  7441 | Lair:5   | Killed a death yak
  7443 | Lair:5   | Killed a death yak
  7445 | Lair:5   | Killed a death yak
  7445 | Lair:5   | Reached XP level 13. HP: 59/59 MP: 9/14
  7606 | Lair:4   | Reached skill level 23 in Stealth
  7749 | Lair:5   | Found a viscous altar of Jiyva.
  7749 | Lair:5   | Found a staircase to the Slime Pits.
  7761 | Lair:5   | Reached skill level 1 in Invocations
  8036 | Lair:4   | Reached skill level 5 in Invocations
  8248 | Lair:6   | Entered Level 6 of the Lair of Beasts
  8499 | Lair:6   | Noticed Sonja
  8574 | Lair:6   | Killed Sonja
  8738 | Lair:6   | Noticed Rupert
  8741 | Lair:6   | Killed Rupert
  9093 | Lair:6   | Reached skill level 10 in Invocations
  9156 | Lair:6   | Reached XP level 14. HP: 57/63 MP: 22/22
  9224 | Lair:6   | Identified a scroll of acquirement
  9224 | Lair:6   | Acquired the ring of Paranoia {rC+ Str+5}
  9754 | Lair:6   | Reached skill level 5 in Bows
 10824 | Lair:5   | Noticed Kirke
 10840 | Lair:5   | Killed Kirke
 11061 | Orc:1    | Entered Level 1 of the Orcish Mines
 11445 | Orc:1    | Noticed an orc warlord
 11461 | Orc:1    | Reached ****** piety under Dithmenos
 11476 | Orc:1    | Killed an orc warlord
 11766 | Orc:1    | Reached skill level 10 in Bows
 11997 | Orc:2    | Entered Level 2 of the Orcish Mines
 11997 | Orc:2    | Found a staircase to the Elven Halls.
 12044 | Orc:2    | Reached skill level 1 in Spellcasting
 12074 | Orc:2    | Reached skill level 1 in Translocations
 12330 | Orc:2    | Noticed Saint Roka
 12844 | Orc:2    | Noticed Jorgrun
 13254 | D:12     | Reached skill level 5 in Translocations
 13548 | D:12     | Reached skill level 5 in Spellcasting
 13577 | D:12     | Learned a level 3 spell: Ignite Poison
 13581 | D:12     | Learned a level 3 spell: Mephitic Cloud
 13587 | D:12     | Learned a level 5 spell: Summon Forest
 13703 | D:12     | Reached skill level 1 in Air Magic
 13715 | D:12     | Reached XP level 15. HP: 56/67 MP: 25/25
 14695 | D:13     | Found a burning altar of Makhleb.
 14945 | D:13     | Found a snail-covered altar of Cheibriados.
 14961 | D:13     | Found a runed translucent door.
 15102 | D:13     | Found a snail-covered altar of Cheibriados.
 15116 | D:13     | Found a stormy altar of Qazlal.
 15142 | D:13     | Found a shadowy altar of Dithmenos.
 15195 | D:13     | Found a shimmering altar of Xom.
 15228 | D:13     | Found a broken altar of Ashenzari.
 15514 | D:14     | Reached skill level 5 in Air Magic
 16133 | D:14     | Reached skill level 10 in Spellcasting
 16282 | D:14     | Found a gate to the Vaults.
 17068 | D:14     | You fall into a shaft and drop 1 floor!
 17068 | D:15     | Entered Level 15 of the Dungeon
 17089 | D:15     | Found a staircase to the Depths.
 17772 | D:15     | Found a glowing golden altar of the Shining One.
 18854 | D:15     | Reached XP level 16. HP: 58/71 MP: 32/32
 19256 | D:9      | Bought a scroll of enchant armour for 97 gold pieces
 19256 | D:9      | Bought a scroll of identify for 26 gold pieces
 19256 | D:9      | Bought a scroll of fog for 26 gold pieces
 19256 | D:9      | Bought a scroll of enchant armour for 97 gold pieces
 19256 | D:9      | Bought a scroll of enchant weapon for 97 gold pieces
 19396 | Orc:2    | Slain by Jorgrun

Illustrated notes

Levels and vault maps discovered:
D:4:      layout_cave_pools, portal_sewer_entry_e, bloody_makhleb
D:5:      cheibrodos_helix_gallery, layout_basic, kennysheep_ying_yang,
          basic_altar
D:6:      layout_basic, serial_corexii_hall, chequers_hall_statues_y,
          corexii_hall_statues_x, evilmike_ruin_ashenzari
D:7:      layout_basic, minmay_temple_entry_mini_moons, enter_ossuary_2,
          uniq_maggie
D:8:      layout_basic, grunt_dithmenos_smoke_and_mirrors,
          chequers_serial_rivers_micro_d, uniq_grum, uniq_joseph, uniq_maurice,
          uniq_harold
D:9:      layout_basic, serial_shops, nicolae_shop_window_shopping, basic_altar
D:10:     layout_roguey, ebering_ghost_xom, serial_curves, eino_curves_03,
          eino_curves_04, chequers_guarded_unrand_ignorance
D:11:     layout_irregular_city, lair_entry_dummy, orc_0_dummy, serial_ice,
          serial_ice_k, serial_ice_b, serial_ice_d, serial_ice_g,
          portal_ice_cave_entry_pillars_2, library_closet
D:12:     minmay_swirls_squares, layout_basic, special_room [special_room_orc],
          minmay_three_doors
D:13:     due_megacathedral, layout_loops_ring, basic_altar
D:14:     layout_layer_cave, hangedman_vaults_entry_quadrant_bands,
          hangedman_decor_slide_cut, minmay_circle_x
D:15:     gammafunk_depths_entry_grave, layout_loops_ring,
          nicolae_tso_swordbearing_angel
Temple:   jpeg_temple_clearing
Lair:1:   layout_loops_ring
Lair:2:   layout_loops_ring, st_stairs_12, serial_bayou_lake_a
Lair:3:   layout_layer_cave, elwin_shoals_entry_stream, uniq_urug
Lair:4:   layout_loops_ring, minmay_snake_entry_six_corridors
Lair:5:   layout_roguey, slime_altar_1, serial_bayou_shore_a, uniq_kirke
Lair:6:   hangedman_lair_caniforms_friends, layout_long_grid,
          hangedman_lair_tendril_chambers, mumra_transporter_accident,
          uniq_rupert, uniq_sonja
Orc:1:    layout_diamond_mine
Orc:2:    pf_orc_diabolical, layout_caves, nicolae_volcano_entry_vermiform,
          mines3_lemuel, uniq_jorgrun, uniq_saint_roka

Skill      XL: |  1  2  3  4  5  6  7  8  9 10 11 12 13 14 15 |
---------------+----------------------------------------------+-----
Dodging        | 4 5 6 7 9 10 11 14 15 | 15.0
Stealth        | 8 9 10 11 13 18 22 23 | 23.1
Short Blades   | 3 4 5 6 10 12 | 12.0
Bows           | 1 10 | 10.0
Invocations    | 10 | 10.5
Spellcasting   | 6 11 | 11.8
Translocations | 6 |  6.2
Air Magic      | 1 7 |  7.7
Fighting       | |  2.4

Action                   |  1- 3 |  4- 6 |  7- 9 | 10-12 | 13-15 | 16-18 || total
-------------------------+-------+-------+-------+-------+-------+-------++-------
Melee: Rapier            |     9 |    45 |   208 |   558 |  1703 |    23 ||  2546
 Fire: Shortbow          |       |       |    36 |   108 |   309 |       ||   453
Throw: Boomerang         |       |       |       |     1 |     1 |       ||     2
       Dart              |       |       |       |       |     3 |       ||     3
 Cast: Mephitic Cloud    |       |       |       |       |     2 |     5 ||     7
Invok: Shadow Step       |       |       |       |     1 |     5 |       ||     6
Evoke: Wand              |       |       |    22 |    11 |    65 |       ||    98
       Condenser vane    |       |       |       |     1 |     7 |       ||     8
       Phial of floods   |       |       |       |       |     1 |       ||     1
       Lightning rod     |       |       |       |       |     9 |       ||     9
  Use: Scroll            |     2 |     1 |    19 |     5 |     7 |     4 ||    38
       Potion            |       |       |     3 |       |    10 |       ||    13
 Stab: Sleeping          |     2 |     6 |    34 |    27 |   132 |       ||   201
       Distracted        |       |       |     3 |     2 |    16 |       ||    21
       Paralysed         |       |       |     1 |     3 |     5 |       ||     9
       Confused          |       |       |       |       |     3 |       ||     3
Armor: Robe              |       |     2 |       |       |       |       ||     2
       Skin              |       |       |     1 |       |       |       ||     1
       Steam dragon scal |       |       |    15 |    17 |    56 |       ||    88
Dodge: Dodged            |     6 |    51 |   203 |   438 |  1525 |     7 ||  2230

Table legend: (Time is in decaauts)
 A = Elapsed time spent in this place.
 B = Non-inter-level travel time spent in this place.
 C = Inter-level travel time spent in this place.
 D = Time resting spent in this place.
 E = Time spent auto-exploring this place.
 F = Levels seen in this place.
 G = Mean time per level.
                   A        B        C        D        E       F      G
               +--------+--------+--------+--------+--------+-----+--------+
         Total |  14058 |  13472 |    586 |   3808 |    467 |  22 |  639.0 |
       Dungeon |   8223 |   7845 |    378 |   2255 |    428 |  12 |  685.2 |
        Temple |     55 |     55 |      0 |      0 |     39 |   1 |   55.0 |
          Lair |   4412 |   4291 |    121 |   1308 |      0 |   6 |  735.3 |
  Orcish Mines |   1144 |   1057 |     87 |    158 |      0 |   2 |  572.0 |
       Ossuary |    223 |    223 |      0 |     85 |      0 |   1 |  223.0 |
               +--------+--------+--------+--------+--------+-----+--------+

Top non-repeatable levels by time:
  Lair:6: 1958 daAuts
    D:14: 1513 daAuts
    D:15: 1265 daAuts
    D:12: 985 daAuts
  Lair:4: 962 daAuts
    D:11: 873 daAuts
   Orc:1: 731 daAuts
     D:7: 709 daAuts
     D:9: 687 daAuts
    D:10: 640 daAuts
  Lair:2: 588 daAuts
    D:13: 536 daAuts
  Lair:3: 464 daAuts
     D:6: 457 daAuts
   Orc:2: 413 daAuts
